 Dungeon Crawl Stone Soup version 0.28.0 (webtiles) character file.

Game seed: 905760716327575796

87 themarg the Chopper (level 4, -2/40 HPs)
             Began as a Minotaur Monk on Feb 5, 2022.
             Was a Believer of Wu Jian.
             Killed from afar by an orc wizard (8 damage)
             ... with a puff of flame
             ... on level 3 of the Dungeon.
             The game lasted 00:22:12 (3161 turns).

themarg the Chopper (Minotaur Monk)                 Turns: 3161, Time: 00:22:12

Health: -2/40      AC:  5    Str: 16    XL:     4   Next: 28%
Magic:  3/3        EV: 12    Int:  7    God:    Wu Jian [**....]
Gold:   135        SH:  0    Dex: 20    Spells: 3/3 levels left

rFire   . . .      SeeInvis .   d - +0 battleaxe
rCold   + . .      Faith    .   (shield currently unavailable)
rNeg    . . .      Spirit   .   h - +0 ring mail
rPois   .          Reflect  .   (helmet restricted)
rElec   .          Harm     .   (no cloak)
rCorr   .          Rampage  .   (no gloves)
Will    .....                   (no boots)
Stlth   ++........              (no amulet)
HPRegen 0.13/turn               p - ring of protection from cold
MPRegen 0.08/turn               r - +6 ring of dexterity

@: no status effects
A: horns 2, retaliatory headbutt
a: Renounce Religion, Wall Jump


You were on level 3 of the Dungeon.
You worshipped Wu Jian.
Wu Jian was pleased with you.
You visited 1 branch of the dungeon, and saw 3 of its levels.

You collected 135 gold pieces.

Inventory:

Hand Weapons
 a - a +0 hand axe
 d - a +0 battleaxe (weapon)
 n - a +0 hunting sling
Missiles
 c - 9 poisoned darts
 e - 34 stones (quivered)
 i - 5 curare-tipped darts
 j - 52 bolts
 w - 17 arrows
Armour
 b - a +0 robe
 h - a +0 ring mail (worn)
 l - a +0 barding
Jewellery
 p - a ring of protection from cold (left hand)
 r - a +6 ring of dexterity (right hand)
Wands
 t - a wand of flame (4)
Scrolls
 f - a scroll of fear {unknown}
 k - a scroll of brand weapon {unknown}
 m - a scroll of enchant armour {unknown}
 s - a scroll of identify {unknown}
 u - a scroll of magic mapping {unknown}
 v - a scroll of teleportation {unknown}
Potions
 g - 2 potions of attraction {unknown}
 o - 2 potions of degeneration {unknown}
 q - a potion of lignification {unknown}


   Skills:
 + Level 4.2 Fighting
 + Level 4.5 Axes
 + Level 0.6 Throwing
 + Level 0.8 Armour
 + Level 3.8 Dodging
 + Level 2.2 Stealth


You had 3 spell levels left.
You didn't know any spells.
Your spell library was empty.

Dungeon Overview and Level Annotations

Branches:
Dungeon (3/15)

Altars:
Wu Jian


Innate Abilities, Weirdness & Mutations

You have a pair of horns on your head.
You reflexively headbutt those who attack you in melee.


Message History

You start resting.
A kobold is nearby!
You don't know any spells.
Throw: 35 stones
Press: ? - help, Q - select action, (/) - cycle Shift-Dir - straight line, f - kobold
Aim: a kobold, wielding a +0 dagger (58% to hit)
You throw a stone. The stone closely misses the kobold.
You lunge at the kobold.
You miss the kobold. Your headbutt misses the kobold.
The kobold hits you but does no damage.
You closely miss the kobold. The kobold hits you with a +0 dagger.
You closely miss the kobold. You headbutt the kobold.
You kill the kobold!
The Council accepts your kill.
The orc throws a stone.
The stone barely misses you. Something hits you but does no damage.
You hit something. Something hits you but does no damage.
You closely miss something. Your headbutt misses something. Something hits you.
Something barely misses you.
You completely miss something. You headbutt something!
The orc drinks a potion.
The orc seems to grow stronger.
You hear some strange, mumbled words.
A puff of flame appears from out of thin air!
The puff of flame hits you!
You miss something. Your headbutt misses something.
Something hits you but does no damage. Something hits you.
You miss something. Your headbutt misses something. Something hits you.
* * * LOW HITPOINT WARNING * * *
You hear some strange, mumbled words.
Something tries to affect you, but you resist.
The orc throws a stone.
You hear some strange, mumbled words.
A puff of flame appears from out of thin air!
The puff of flame hits you.
* * * LOW HITPOINT WARNING * * *
The orc throws a stone.
The stone hits you but does no damage.
Okay, then.
You hear some strange, mumbled words.
A puff of flame appears from out of thin air!
The puff of flame hits you!
You die...

'######..#.#.#
...#.###.#.#.#
...#..####.#.#####
...'...###........
..÷#....##.#.###..
...#.....#...# #.#
... '####....#.###
#.# # ...
...###...'.#
#.#####.# .o.
....###..#.#
#@##... # #'#
.....###.#.#
#.##.##.# ###.#
#....)####.#
#.{.....######....
##.....# #.#
####o###.......#o#
####'####..# #.#
#.# # #.{..
...).......# #o#
#.# #K.).
###.###..###
#)###.### #.... #
##.# .#
#.(...>.###.#†.
#.. #
#####.#.{..o...


There were no monsters in sight!

Vanquished Creatures
  2 adders (D:2)
  A worm (D:2)
  3 dart slugs
  3 orcs
  9 bats
  2 endoplasms
  A giant cockroach (D:3)
  2 goblins
  6 hobgoblins
  4 jackals (D:1)
  6 kobolds
  3 quokkas
  5 ball pythons
  3 frilled lizards (D:1)
  2 rats (D:3)
52 creatures vanquished.

Notes
Turn   | Place    | Note
-------+----------+-------------------------------------------
     0 | D:1      | themarg the Minotaur Monk began the quest for the Orb.
     0 | D:1      | Reached XP level 1. HP: 19/19 MP: 0/0
   378 | D:1      | Reached XP level 2. HP: 18/27 MP: 1/1
   923 | D:2      | Reached XP level 3. HP: 10/33 MP: 2/2
  1495 | D:2      | Found an ornate altar of the Wu Jian Council.
  1510 | D:2      | Became a worshipper of the Wu Jian Council
  1510 | D:2      | Reached * piety under Wu Jian
  1510 | D:2      | Reached ** piety under Wu Jian
  2167 | D:3      | Reached XP level 4. HP: 38/40 MP: 3/3
  3108 | D:3      | Found a faded altar of an unknown god.
  3161 | D:3      | Killed from afar by an orc wizard

Illustrated notes

Levels and vault maps discovered:
D:1:      dpeg_arrival_court, layout_basic
D:2:      cheibrodos_helix_gallery, layout_basic, basic_altar
D:3:      layout_loops_corners, basic_ecumenical_altar, grunt_ministairs_11,
          minmay_quadrilaterals

Skill      XL: |  1  2 |
---------------+-------+-----
Axes           | 4 |  4.5
Fighting       | 4 |  4.2
Stealth        | 2 |  2.2
Throwing       | |  0.6
Armour         | |  0.8
Dodging        | |  3.8

Action                   |  1- 3 |  4- 6 || total
-------------------------+-------+-------++-------
Melee: Battleaxe         |    65 |    36 ||   101
       Hand axe          |     8 |       ||     8
       Headbutt          |    10 |     5 ||    15
Throw: Dart              |    14 |       ||    14
       Stone             |     5 |     3 ||     8
Invok: Lunge             |     4 |     4 ||     8
       Whirlwind         |     3 |       ||     3
 Stab: Sleeping          |     3 |     1 ||     4
Armor: Robe              |    14 |       ||    14
       Ring mail         |    22 |    12 ||    34
Dodge: Dodged            |    81 |    18 ||    99
